 Dungeon Crawl Stone Soup version 0.21-a0-349-g0c35859 (webtiles) character file.

386 tidbits the Charmwright (level 6, -2/51 HPs)
             Began as a Gnoll Skald on Oct 8, 2017.
             Was an Initiate of Makhleb.
             Slain by Joseph
             ... wielding a +0 quarterstaff
              (3 damage)
             ... on level 8 of the Dungeon.
             The game lasted 00:07:21 (792 turns).

tidbits the Charmwright (Gnoll Skald)                Turns: 792, Time: 00:07:21

Health: -2/51      AC:  4    Str: 13    XL:     6   Next: 78%
Magic:  7/14       EV: 14    Int: 17    God:    Makhleb [......]
Gold:   168        SH:  0    Dex: 15    Spells: 1/15 levels left

rFire    . . .     SeeInvis .   a - +0 hand axe
rCold    . . .     Gourm    .   (no shield)
rNeg     + . .     Faith    .   b - +0 leather armour
rPois    .         Spirit   .   E - +0 helmet
rElec    .         Reflect  .   (no cloak)
rCorr    .         Harm     .   (no gloves)
MR       .....                  (no boots)
Stlth    ++........             (no amulet)
HPRegen  0.17/turn              f - ring of positive energy
MPRegen  0.14/turn              (no ring)

@: infused
A: distributed training, fangs 1, strong nose
a: Renounce Religion


You were on level 8 of the Dungeon.
You worshipped Makhleb.
Makhleb was noncommittal.
You were not hungry.

You visited 1 branch of the dungeon, and saw 8 of its levels.
You also visited: Sewer.

You collected 168 gold pieces.

Inventory:

Hand Weapons
 a - a +0 hand axe (weapon)
 p - a +1 spear of piercing
   (You took it off a gnoll on level 4 of the Dungeon)
Missiles
 g - 23 arrows
 q - a throwing net (quivered) {!f}
 u - 5 javelins
Armour
 b - a +0 leather armour (worn)
 w - a +2 helmet
 E - a +0 helmet (worn)
Jewellery
 f - a ring of positive energy (left hand)
   (You found it on level 1 of the Dungeon)
Wands
 m - a wand of flame (9/48)
 r - a wand of clouds (6/9)
Scrolls
 e - a scroll of teleportation {unknown}
 h - a scroll of remove curse {unknown}
 i - 2 scrolls of identify {unknown}
 j - a scroll of fog {unknown}
 l - 2 scrolls of fear {unknown}
 s - a scroll of enchant armour {unknown}
Potions
 n - a potion of haste {unknown}
 x - a potion of resistance {unknown}
Books
 c - a book of Battle

   Spells                             Type                      Level
   a - Infusion                       Charms                       1
   b - Shroud of Golubria             Charms/Translocation         2
   c - Song of Slaying                Charms                       2
   d - Spectral Weapon                Hexes/Charms                 3
   e - Regeneration                   Charms/Necromancy            3
 o - a book of Frost
   (You found it in a sewer)

   Spells                             Type                      Level
   a - Freeze                         Ice                          1
   b - Throw Frost                    Conjuration/Ice              2
   c - Ozocubu's Armour               Charms/Ice                   3
   d - Throw Icicle                   Conjuration/Ice              4
   e - Summon Ice Beast               Ice/Summoning                4
Comestibles
 d - 2 bread rations
 t - 2 chunks of flesh
 v - a meat ration


   Skills:
 + Level 5.0 Fighting
 + Level 2.1 Short Blades
 + Level 2.1 Long Blades
 + Level 5.0 Axes
 + Level 2.1 Maces & Flails
 + Level 2.1 Polearms
 + Level 2.1 Staves
 + Level 2.1 Slings
 + Level 2.1 Bows
 + Level 2.1 Crossbows
 + Level 2.1 Throwing
 + Level 3.3 Armour
 + Level 5.0 Dodging
 + Level 2.1 Stealth
 + Level 2.1 Shields
 + Level 2.1 Unarmed Combat
 + Level 5.4 Spellcasting
 + Level 2.1 Conjurations
 + Level 2.1 Hexes
 + Level 6.9 Charms
 + Level 2.1 Summonings
 + Level 2.1 Necromancy
 + Level 2.1 Translocations
 + Level 2.1 Transmutations
 + Level 2.1 Fire Magic
 + Level 2.1 Ice Magic
 + Level 2.1 Air Magic
 + Level 2.1 Earth Magic
 + Level 2.1 Poison Magic
 + Level 2.1 Invocations
 + Level 2.1 Evocations


You had one spell level left.
You knew the following spells:

 Your Spells              Type           Power        Failure   Level  Hunger
g - Shroud of Golubria    Chrm/Tloc      ###.......   4%          2    #......
i - Infusion              Chrm           ####         1%          1    None
o - Ozocubu's Armour      Chrm/Ice       ###.....     9%          3    ##.....
r - Regeneration          Chrm/Necr      ###.......   9%          3    ##.....
w - Spectral Weapon       Hex/Chrm       ###.....     9%          3    ##.....
y - Song of Slaying       Chrm           ####....     1%          2    #......


Dungeon Overview and Level Annotations

Branches:
Dungeon (8/15)
 Temple: D:4-7         Lair: D:8-11

Altars:
Dithmenos
Makhleb

Annotations:
D:3 1 runed door
D:8 Joseph


Innate Abilities, Weirdness & Mutations

Your experience applies equally to all skills.
You have very sharp teeth.
Your uncanny sense of smell can sniff out nearby items.


Message History

i - 2 scrolls labeled LIFIXZI NERCHAC (gained 1)
There is a stone staircase leading down here.
You climb downwards.
You hear the hiss of flowing sand.
There is an entrance to an ossuary on this level.
Hurry and find it before the portal is buried!
Found a bread ration.
There is a stone staircase leading up here.
d - 2 bread rations (gained 1)
A quokka comes into view.
Found a white potion.
The quokka bites you. The quokka barely misses you.
Casting: Regeneration
Confirm with . or Enter, or press ? or * to list all spells.
You miscast Spectral Weapon.
You are very lightly contaminated with residual magic.
Strange energies run through your body. The quokka bites you.
Casting: Spectral Weapon
Confirm with . or Enter, or press ? or * to list all spells.
You draw out your weapon's spirit!
The quokka barely misses you.
You closely miss the quokka.
Your spectral weapon closely misses the quokka.
The quokka closely misses you.
You hit the quokka but do no damage. Your bite misses the quokka.
Your spectral weapon hits the quokka but does no damage.
The quokka bites you but does no damage.
You hit the quokka.
The quokka is almost dead.
Your spectral weapon hits the quokka!
You kill the quokka!
Makhleb accepts your kill.
x - a white potion You swap places.
Some of the chunks of flesh in your inventory have rotted away.
You open the door.
Joseph, a Mercenary comes into view.
He is wielding a quarterstaff.
Found 18 gold pieces, a large garnet ring and 14 poisoned needles.
There is an open door here.
You see here 18 gold pieces.
The helpless Joseph fails to defend himself.
You hit Joseph.
Joseph is lightly wounded.
Your spectral weapon hits Joseph!
Joseph hits you with a quarterstaff.
You closely miss Joseph.
Joseph is lightly wounded.
Your spectral weapon closely misses Joseph.
Joseph misses you.
You barely miss Joseph.
Joseph is lightly wounded.
Your spectral weapon hits Joseph but does no damage.
Joseph hits you with a quarterstaff!
You hit Joseph but do no damage.
Joseph is lightly wounded.
Your spectral weapon hits Joseph.
Joseph closely misses you.
Your magical contamination has completely faded away.
You hit Joseph. Your bite misses Joseph.
Joseph is moderately wounded.
Your spectral weapon hits Joseph.
You barely miss Joseph.
Joseph is moderately wounded.
Your spectral weapon hits Joseph.
Joseph shouts, "Wow!"
Joseph closely misses you.
You hit Joseph.
Joseph is moderately wounded.
Your spectral weapon hits Joseph.
Joseph barely misses you.
You barely miss Joseph.
Joseph is moderately wounded.
Your spectral weapon misses Joseph.
Joseph hits you with a quarterstaff.
You hit Joseph. Your bite misses Joseph.
Joseph is heavily wounded.
Your spectral weapon barely misses Joseph.
Joseph closely misses you.
You hit Joseph.
Joseph is heavily wounded.
Your spectral weapon fades away.
Joseph hits you with a quarterstaff!
* * * LOW HITPOINT WARNING * * *
Casting: Spectral Weapon
Confirm with . or Enter, or press ? or * to list all spells.
You draw out your weapon's spirit!
Joseph hits you with a quarterstaff!
* * * LOW HITPOINT WARNING * * *
It was a potion of heal wounds.
You feel much better. Joseph hits you with a quarterstaff!
* * * LOW HITPOINT WARNING * * *
You feel much better. Joseph hits you with a quarterstaff!
Casting: Spectral Weapon
Confirm with . or Enter, or press ? or * to list all spells.
You begin infusing your attacks with magical energy.
Joseph hits you with a quarterstaff!!
* * * LOW HITPOINT WARNING * * *
Unknown command.
You slash Joseph!
Joseph is severely wounded.
Your spectral weapon hits Joseph but does no damage.
Joseph hits you with a quarterstaff!
* * * LOW HITPOINT WARNING * * *
You hit Joseph.
Joseph is severely wounded.
Your spectral weapon hits Joseph.
Joseph hits you with a quarterstaff.
You die...

#... ..# .....##
#..###.# ##.....##
#...<#.# ##.(.....##
#.#....###.........#
#........'.........+
#......###.........#
#####.### ##$=.....#
#...#.# ##.(...##
#.....# ##@@.##
#...### ##+## ##.##
#.# #.# #.. ###


You could see Joseph and a friendly spectral hand axe.

Vanquished Creatures
  A crocodile (Sewer)
  A bullfrog (D:5)
  A scorpion (D:7)
  A crimson imp (D:4)
  2 hounds
  4 gnolls (D:4)
  3 adders
  3 worms
  A dart slug (D:2)
  A ball python (D:2)
  A giant cockroach (D:2)
  4 goblins
  2 hobgoblins (D:2)
  2 kobolds (D:1)
  A quokka (D:8)
  7 bats
  A jackal skeleton (D:4)
  A jackal zombie (D:4)
  A leopard gecko skeleton (D:6)
  A leopard gecko zombie (D:5)
  A quokka zombie (D:7)
  4 rats
44 creatures vanquished.

Notes
Turn   | Place    | Note
-------+----------+-------------------------------------------
     0 | D:1      | tidbits the Gnoll Skald began the quest for the Orb.
     0 | D:1      | Reached XP level 1. HP: 20/20 MP: 6/6
   110 | D:2      | Reached XP level 2. HP: 25/26 MP: 4/7
   148 | D:2      | Reached skill level 5 in Spellcasting
   148 | D:2      | Reached XP level 3. HP: 31/31 MP: 0/9
   152 | D:2      | Learned a level 2 spell: Song of Slaying
   155 | D:2      | Learned a level 2 spell: Shroud of Golubria
   159 | D:2      | Learned a level 3 spell: Regeneration
   163 | D:2      | Learned a level 3 spell: Spectral Weapon
   236 | D:3      | Found a runed door.
   236 | D:3      | Noticed a human
   272 | D:3      | Found a shadowy altar of Dithmenos.
   289 | D:4      | Found a glowing drain.
   325 | Sewer    | Entered a sewer
   334 | Sewer    | Reached skill level 1 in Short Blades
   334 | Sewer    | Reached skill level 1 in Long Blades
   334 | Sewer    | Reached skill level 1 in Maces & Flails
   334 | Sewer    | Reached skill level 1 in Polearms
   334 | Sewer    | Reached skill level 1 in Staves
   334 | Sewer    | Reached skill level 1 in Slings
   334 | Sewer    | Reached skill level 1 in Bows
   334 | Sewer    | Reached skill level 1 in Crossbows
   334 | Sewer    | Reached skill level 1 in Throwing
   334 | Sewer    | Reached skill level 1 in Stealth
   334 | Sewer    | Reached skill level 1 in Shields
   334 | Sewer    | Reached skill level 1 in Unarmed Combat
   334 | Sewer    | Reached skill level 1 in Conjurations
   334 | Sewer    | Reached skill level 1 in Hexes
   334 | Sewer    | Reached skill level 1 in Summonings
   334 | Sewer    | Reached skill level 1 in Necromancy
   334 | Sewer    | Reached skill level 1 in Translocations
   334 | Sewer    | Reached skill level 1 in Transmutations
   334 | Sewer    | Reached skill level 1 in Fire Magic
   334 | Sewer    | Reached skill level 1 in Ice Magic
   334 | Sewer    | Reached skill level 1 in Air Magic
   334 | Sewer    | Reached skill level 1 in Earth Magic
   334 | Sewer    | Reached skill level 1 in Poison Magic
   334 | Sewer    | Reached skill level 1 in Invocations
   334 | Sewer    | Reached skill level 1 in Evocations
   380 | Sewer    | Noticed a crocodile
   395 | Sewer    | Killed a crocodile
   395 | Sewer    | Reached XP level 4. HP: 23/38 MP: 7/11
   395 | Sewer    | Reached XP level 5. HP: 26/43 MP: 7/12
   439 | Sewer    | Learned a level 3 spell: Ozocubu's Armour
   483 | D:4      | Reached skill level 3 in Armour
   513 | D:4      | Found a burning altar of Makhleb.
   513 | D:4      | Noticed a green death
   516 | D:4      | Noticed an orange demon
   516 | D:4      | Noticed an orange demon
   518 | D:4      | Became a worshipper of Makhleb the Destroyer
   588 | D:4      | Reached XP level 6. HP: 34/50 MP: 7/13
   608 | D:5      | Entered Level 5 of the Dungeon
   658 | D:6      | Reached skill level 5 in Fighting
   658 | D:6      | Reached skill level 2 in Short Blades
   658 | D:6      | Reached skill level 2 in Long Blades
   658 | D:6      | Reached skill level 5 in Axes
   658 | D:6      | Reached skill level 2 in Maces & Flails
   658 | D:6      | Reached skill level 2 in Polearms
   658 | D:6      | Reached skill level 2 in Staves
   658 | D:6      | Reached skill level 2 in Slings
   658 | D:6      | Reached skill level 2 in Bows
   658 | D:6      | Reached skill level 2 in Crossbows
   658 | D:6      | Reached skill level 2 in Throwing
   658 | D:6      | Reached skill level 5 in Dodging
   658 | D:6      | Reached skill level 2 in Stealth
   658 | D:6      | Reached skill level 2 in Shields
   658 | D:6      | Reached skill level 2 in Unarmed Combat
   658 | D:6      | Reached skill level 2 in Conjurations
   658 | D:6      | Reached skill level 2 in Hexes
   658 | D:6      | Reached skill level 2 in Summonings
   658 | D:6      | Reached skill level 2 in Necromancy
   658 | D:6      | Reached skill level 2 in Translocations
   658 | D:6      | Reached skill level 2 in Transmutations
   658 | D:6      | Reached skill level 2 in Fire Magic
   658 | D:6      | Reached skill level 2 in Ice Magic
   658 | D:6      | Reached skill level 2 in Air Magic
   658 | D:6      | Reached skill level 2 in Earth Magic
   658 | D:6      | Reached skill level 2 in Poison Magic
   658 | D:6      | Reached skill level 2 in Invocations
   658 | D:6      | Reached skill level 2 in Evocations
   771 | D:8      | Noticed Joseph
   787 | D:8      | HP: 3/51 [Joseph/quarterstaff (15)]
   791 | D:8      | HP: 1/51 [Joseph/quarterstaff (13)]
   792 | D:8      | Slain by Joseph

Vault maps used:
D:1:      nzn_arrival_crosshair
D:2:      first_bread
D:3:      cheibrodos_helix_gallery, grunt_temple_overflow_opulence,
          grunt_dithmenos_smoke_and_mirrors, eino_tiny_chamber,
          dk_yredelemnul_ordeal, uniq_purgy
D:4:      makhleb_altar_promises_db, cheibrodos_sewer_entry_drain, serial_shops,
          kennysheep_little_box
D:6:      minmay_klotski, uniq_menkaure
D:7:      kb_forest_paths, minmay_temple_entry_trees, serial_shops,
          nicolae_shop_competitors_out_of_business
D:8:      enter_ossuary_4, grunt_decor_cap, tgw_fedhas, uniq_erica, uniq_joseph
Sewer:    sewer_big_baddie

Skill      XL: |  1  2  3  4  5  6 |
---------------+-------------------+-----
Spellcasting   | 5 |  5.4
Short Blades   | 1 2 |  2.1
Long Blades    | 1 2 |  2.1
Maces & Flails | 1 2 |  2.1
Polearms       | 1 2 |  2.1
Staves         | 1 2 |  2.1
Slings         | 1 2 |  2.1
Bows           | 1 2 |  2.1
Crossbows      | 1 2 |  2.1
Throwing       | 1 2 |  2.1
Stealth        | 1 2 |  2.1
Shields        | 1 2 |  2.1
Unarmed Combat | 1 2 |  2.1
Conjurations   | 1 2 |  2.1
Hexes          | 1 2 |  2.1
Summonings     | 1 2 |  2.1
Necromancy     | 1 2 |  2.1
Translocations | 1 2 |  2.1
Transmutations | 1 2 |  2.1
Fire Magic     | 1 2 |  2.1
Ice Magic      | 1 2 |  2.1
Air Magic      | 1 2 |  2.1
Earth Magic    | 1 2 |  2.1
Poison Magic   | 1 2 |  2.1
Invocations    | 1 2 |  2.1
Evocations     | 1 2 |  2.1
Armour         | 3 |  3.3
Fighting       | 5 |  5.0
Axes           | 5 |  5.0
Dodging        | 5 |  5.0
Charms         | |  6.9

Action                   |  1- 3 |  4- 6 || total
-------------------------+-------+-------++-------
Melee: Hand axe          |    70 |    74 ||   144
       Bite              |     9 |     6 ||    15
       Punch             |       |     1 ||     1
 Cast: Infusion          |     6 |     1 ||     7
       Spectral Weapon   |     2 |     9 ||    11
       Ozocubu's Armour  |       |     1 ||     1
       Regeneration      |       |     2 ||     2
Evoke: Wand              |     2 |       ||     2
  Use: Potion            |       |     2 ||     2
 Stab: Distracted        |       |     1 ||     1
       Sleeping          |       |     2 ||     2
  Eat: Chunk             |       |     1 ||     1
Armor: Leather armour    |    22 |    18 ||    40
Dodge: Dodged            |    61 |    56 ||   117

Table legend:
 A = Spawn XP
 B = Non-spawn XP
 C = Spawn XP percentage of total XP
 D = Spawn monster count
 E = Non-spawn monster count
 F = Spawn count percentage of total count
 G = Total turns spent on level
                    A         B        C        D         E        F      G
               +---------+---------+-------+---------+---------+-------+---------
         Total |       0 |     552 |   0.0 |       0 |      44 |   0.0 |   792
               +---------+---------+-------+---------+---------+-------+---------
           D:1 |       0 |       9 |   0.0 |       0 |       6 |   0.0 |    97
           D:2 |       0 |      52 |   0.0 |       0 |      14 |   0.0 |   134
           D:4 |       0 |     176 |   0.0 |       0 |      11 |   0.0 |   199
           D:5 |       0 |      91 |   0.0 |       0 |       2 |   0.0 |    18
           D:6 |       0 |      41 |   0.0 |       0 |       2 |   0.0 |    41
           D:7 |       0 |      71 |   0.0 |       0 |       2 |   0.0 |    78
           D:8 |       0 |       2 |   0.0 |       0 |       1 |   0.0 |    47
         Sewer |       0 |     110 |   0.0 |       0 |       6 |   0.0 |   115
               +---------+---------+-------+---------+---------+-------+---------

Table legend:
 A = Turns spent in this place as a percentage of turns spent in the entire game.
 B = Non-inter-level travel turns spent in this place as a percentage of non-inter-level travel turns spent in the entire game.
 C = Inter-level travel turns spent in this place as a percentage of turns spent in this place.
 D = Turns resting spent in this place as a percentage of non-inter-level travel turns spent in this place.
 E = Turns spent auto-exploring this place as a percentage of non-inter-level travel turns spent in this place.
 F = Non-inter-level travel turns spent in this place divided by the number of levels of this place that you've seen.
                   A       B       C       D       E      F
               +-------+-------+-------+-------+-------+----------------------
         Total | 100.0 | 100.0 |   0.0 |   0.0 |   0.0 |  88.0
       Dungeon |  85.5 |  85.5 |   0.0 |   0.0 |   0.0 |  84.6
         Sewer |  14.5 |  14.5 |   0.0 |   0.0 |   0.0 | 115.0
               +-------+-------+-------+-------+-------+----------------------

Table legend:
 A = Kills in this place as a percentage of kills in entire the game.
 B = Kills by you in this place as a percentage of kills by you in the entire game.
 C = Kills by friends in this place as a percentage of kills by friends in the entire game.
 D = Other kills in this place as a percentage of other kills in the entire game.
 E = Experience gained in this place as a percentage of experience gained in the entire game.
 F = Experience gained in this place divided by the number of levels of this place that you have seen.
                   A       B       C       D       E      F
               +-------+-------+-------+-------+-------+----------------------
         Total | 100.0 | 100.0 |   N/A |   N/A | 100.0 |  61.3
       Dungeon |  86.4 |  86.4 |   N/A |   N/A |  80.1 |  55.2
         Sewer |  13.6 |  13.6 |   N/A |   N/A |  19.9 | 110.0
               +-------+-------+-------+-------+-------+----------------------

Vault maps used:
D:1:      nzn_arrival_crosshair
D:2:      first_bread
D:3:      cheibrodos_helix_gallery, grunt_temple_overflow_opulence,
          grunt_dithmenos_smoke_and_mirrors, eino_tiny_chamber,
          dk_yredelemnul_ordeal, uniq_purgy
D:4:      makhleb_altar_promises_db, cheibrodos_sewer_entry_drain, serial_shops,
          kennysheep_little_box
D:6:      minmay_klotski, uniq_menkaure
D:7:      kb_forest_paths, minmay_temple_entry_trees, serial_shops,
          nicolae_shop_competitors_out_of_business
D:8:      enter_ossuary_4, grunt_decor_cap, tgw_fedhas, uniq_erica, uniq_joseph
Sewer:    sewer_big_baddie
